 Dungeon Crawl Stone Soup version 0.26.1-11-gd32895ea62 (webtiles) character file.

Game seed: 10263278759206227923

133 Descartes the Covert (level 4, 0/23 HPs)
             Began as a Felid Wanderer on May 2, 2021.
             Slain by a worker ant (7 damage)
             ... on level 3 of the Dungeon.
             The game lasted 00:06:42 (3666 turns).

Descartes the Covert (Felid Wanderer)               Turns: 3666, Time: 00:06:43

Health: 0/23       AC:  1    Str: 10    XL:     4   Next: 93%
Magic:  5/5        EV: 16    Int: 13    God:
Gold:   136        SH:  0    Dex: 15    Spells: 3/3 levels left
                                        Lives:  0   Deaths: 1

rFire    . . .     SeeInvis +     - Unarmed
rCold    . . .     Faith    .   (shield unavailable)
rNeg     . . .     Spirit   .   (armour unavailable)
rPois    .         Reflect  .   (helmet unavailable)
rElec    .         Harm     .   (cloak unavailable)
rCorr    .         Rampage  .   (gloves unavailable)
Will     .....                  (boots unavailable)
Stlth    ++++......             (no amulet)
HPRegen  0.07/turn              (no ring)
MPRegen  0.09/turn              (no ring)

@: quick
A: very small, no armour, no weapons or thrown items, stealth, claws 1, fangs 3,
see invisible, speed 1, shaggy fur 1, sharp paws
a: no special abilities


You were on level 3 of the Dungeon.
You visited 1 branch of the dungeon, and saw 4 of its levels.

You collected 136 gold pieces.

Inventory:

Jewellery
 q - an uncursed ring of poison resistance {unknown}
Scrolls
 b - 2 scrolls of blinking
 e - a scroll of immolation {unknown}
 g - 2 scrolls of teleportation {unknown}
 h - a scroll of random uselessness {unknown}
 i - a scroll of enchant armour {unknown}
 j - 3 scrolls of identify {unknown}
 k - a scroll of magic mapping {unknown}
 o - 3 scrolls of remove curse {unknown}
Potions
 a - a potion of berserk rage
 c - a potion of lignification
 f - 2 potions of haste {unknown}
 l - a potion of heal wounds {unknown}
 m - 2 potions of attraction {unknown}
 n - a potion of resistance {unknown}
 p - a potion of might {unknown}


   Skills:
 - Level 5.0 Fighting
 + Level 1.3 Dodging
 + Level 8.3 Stealth
 + Level 3.2 Unarmed Combat


You had 3 spell levels left.
You didn't know any spells.
Your spell library was empty.

Dungeon Overview and Level Annotations

Branches:
Dungeon (4/15)
 Temple: D:4-7

Altars:
Cheibriados
Elyvilon
Nemelex Xobeh
Vehumet
Zin

Annotations:
D:3 1 runed translucent door, Almogavar's ghost, amateur GnWn


Innate Abilities, Weirdness & Mutations

You cannot wear armour.
You are incapable of wielding weapons or throwing items.
Your paws allow you to move quietly. (Stealth)
You have sharp claws.
You have razor-sharp teeth.
You have supernaturally acute eyesight. (SInv)
You cover ground quickly.
You are covered in fur. (AC +1)
Your sharp claws are effective at attacking unaware monsters.


Message History

There is a stone staircase leading down here.
You feel better. The worker ant barely misses you.
You scratch the worker ant.
You bite the worker ant, but do no damage.
The worker ant is severely wounded.
The worker ant misses you.
You scratch the worker ant but do no damage.
The worker ant is severely wounded.
The worker ant misses you.
You closely miss the worker ant.
The worker ant is severely wounded.
The worker ant closely misses you. The worker ant barely misses you.
You scratch the worker ant but do no damage.
Your claw misses the worker ant.
The worker ant is severely wounded.
The worker ant bites you.
You scratch the worker ant but do no damage.
The worker ant is severely wounded.
The worker ant bites you!
You die...

#........# #.)†.....# #........#
#........# #........#######
#..............##
#...............##
#....(...........#
##...##......B@..# #
#.#..#..........# #
#.##.#..........# #
#.##.#..........# #
#.##.##........## ##
#.##†...........# #########
.###.####..........######.##.....
...................##.....##..>..
.....###...............(#..#.....


You could see a worker ant.

Vanquished Creatures
  A centaur (D:2)
  A worker ant (D:3)
  A gnoll (D:1)
  2 adders
  3 oozes
  5 worms
  2 dart slugs (D:1)
  3 leopard geckos
  5 orcs
  2 ball pythons
  9 bats
  2 giant cockroaches (D:1)
  4 goblins
  2 hobgoblins (D:1)
  A quokka (D:2)
  4 frilled lizards
  14 kobolds
  A leopard gecko skeleton (D:4)
  8 rats
70 creatures vanquished.

Notes
Turn   | Place    | Note
-------+----------+-------------------------------------------
     0 | D:1      | Descartes the Felid Wanderer began the quest for the Orb.
     0 | D:1      | Descartes set off with the following items: a potion of
                  | berserk rage, a scroll of blinking, a potion of
                  | lignification, a potion of curing
     0 | D:1      | Reached XP level 1. HP: 12/12 MP: 2/2
    26 | D:1      | Reached skill level 4 in Stealth
    26 | D:1      | Reached XP level 2. HP: 5/16 MP: 3/3
   852 | D:1      | Reached skill level 5 in Stealth
   854 | D:1      | Reached XP level 3. HP: 19/19 MP: 4/4
  1618 | D:2      | Noticed a centaur
  1626 | D:2      | Killed a centaur
  1627 | D:2      | Reached skill level 7 in Stealth
  1627 | D:2      | Reached XP level 4. HP: 14/23 MP: 5/5
  1888 | D:2      | Reached XP level 5. HP: 26/26 MP: 6/6
  2318 | D:2      | Found a snail-covered altar of Cheibriados.
  2423 | D:2      | Found a white marble altar of Elyvilon.
  2841 | D:3      | Found a runed translucent door.
  2841 | D:3      | Noticed Almogavar's ghost (amateur GnWn)
  2857 | D:3      | Reached skill level 8 in Stealth
  3142 | D:3      | Found a radiant altar of Vehumet.
  3386 | D:3      | Found a glowing silver altar of Zin.
  3422 | D:3      | Found a sparkling altar of Nemelex Xobeh.
  3540 | D:3      | Slain by a worker ant
  3541 | D:3      | Reached XP level 4. HP: -3/23 MP: 5/5
  3560 | D:3      | Reached skill level 1 in Dodging
  3666 | D:3      | Slain by a worker ant

Illustrated notes

Levels and vault maps discovered:
D:1:      ncdulo_lavacross, layout_basic
D:2:      layout_loops_ring, elyvilon_altar_3, cheibriados_altar_1
D:3:      layout_rooms, vehumet_crystals, overflow_temple_1_default,
          nemelex_altar_shiori, gammafunk_ghost_grave
D:4:      layout_basic, uniq_ijyb, uniq_sigmund

Skill      XL: |  1  2  3  4  5 |
---------------+----------------+-----
Stealth        | 4 5 7 8 |  8.3
Dodging        | 1 |  1.3
Fighting       | |  5.0
Unarmed Combat | |  3.2

Action                   |  1- 3 |  4- 6 || total
-------------------------+-------+-------++-------
Melee: Unarmed           |    87 |   126 ||   213
       Bite              |     7 |    11 ||    18
       Punch             |     1 |     3 ||     4
  Use: Potion            |       |     1 ||     1
 Stab: Sleeping          |    13 |     8 ||    21
Armor: Skin              |     6 |     6 ||    12
Dodge: Dodged            |    62 |    92 ||   154
